Map: The Vermillion Problem

Players

monk

  • Race: Zerg Zerg
  • Spawn Location: 11:00

blingi

  • Race: Protoss Protoss
  • Spawn Location: 11:00

VOD

Have the link to the VOD?

Description

Time

  • Played on: July 9, 2017, 7:58 a.m.
  • Length: 22:08
Show
View Real Time Build Order
Export as new Build Order

monk Zerg 

Build Orders:  

Get SALT Encoding   

  12  0:09  Drone  
  13  0:18  Overlord  
  13  0:30  Drone  
  14  0:44  Drone x3  
  17  0:51  Drone  
  18  1:05  Extractor  
  18  1:07  Drone  
  18  1:13  Drone  
  18  1:15  Extractor  
  18  1:28  Drone  
  19  1:37  Drone  
  20  1:47  Drone  
  21  1:56  Drone  
  22  2:01  Spawning Pool  
  22  2:05  Overlord  
  21  2:15  Drone  
  21  2:16  Queen  
  22  2:38  Drone x2  
  26  2:51  Drone  
  26  2:58  Drone  
  28  3:13  Drone  
  28  3:19  Lair  
  29  3:20  Overlord  
  29  3:37  Drone  
  30  3:51  Drone x2  
  30  3:52  Drone x2  
  30  3:53  Drone x2  
  36  4:26  Nydus Network  
  35  4:32  Evolution Chamber  
  35  4:36  Queen  
  35  4:37  Nydus Network  
  35  5:02  Drone x3  
  35  5:04  Overlord x2  
  38  5:19  Omega Worm  
  38  5:26  Hatchery  
  38  5:29  Extractor x2  
  35  5:39  Drone  
  36  5:47  Drone  
  36  5:48  Chain Reaction  
  37  5:51  Drone  
  37  5:55  Evolution Chamber  
  37  5:56  Drone  
  38  6:00  Drone  
  38  6:09  Drone  
  40  6:33  Heroic Fortitude  
  40  6:34  Hive  
  40  6:41  Drone x2  
  40  6:45  Drone x5  
  40  6:46  Drone  
  48  6:52  Omega Worm  
  48  6:57  Omega Worm  
  44  7:10  Drone x4  
  52  7:32  Zerg Ground Armor Level 1, Zerg Missile Weapons Level 1  
  52  7:35  Overlord  
  52  7:36  Overlord  
  52  7:38  Hydralisk Den  
  51  7:49  Drone x2  
  53  7:50  Overlord  
  53  7:55  Drone x2  
  53  7:56  Drone  
  56  8:15  Omega Worm  
  56  8:23  Ancillary Carapace  
  56  8:27  Overlord x2  
  64  8:33  Hydralisk  
  64  8:34  Hydralisk x3  
  64  8:38  Ability Efficiency  
  64  8:40  Zerg Missile Weapons Level 2  
  68  8:54  Hydralisk  
  68  8:55  Hydralisk  
  68  8:59  Muscular Augments  
  68  9:04  Overlord  
  68  9:05  Overlord  
  72  9:12  Hydralisk x2  
  72  9:26  Zerg Ground Armor Level 2, Hydralisk x3  
  72  9:27  Hydralisk  
  86  9:40  Hydralisk x3  
  86  9:43  Omega Worm  
  86  9:56  Overlord  
  94  10:00  Hydralisk x2  
  94  10:01  Hydralisk x2  
  94  10:07  Omega Worm  
  92  10:30  Overlord x2  
  92  10:37  Zerg Missile Weapons Level 3, Hydralisk  
  92  10:38  Hydralisk x6  
  92  10:39  Hydralisk  
  108  11:05  Zerg Ground Armor Level 3  
  108  11:07  Frenzy  
  108  11:09  Hydralisk x3  
  118  11:15  Hydralisk x2  
  118  11:33  Omega Worm  
  118  11:36  Omega Worm  
  140  12:10  Hydralisk x3  
  140  12:11  Hydralisk x8  
  140  12:16  Overlord x4  
  140  12:39  Omega Worm  
  140  12:50  Overlord x2  
  140  12:57  Hydralisk x5  
  140  12:58  Hydralisk  
  152  13:07  Omega Worm  
  166  13:32  Zerg Melee Weapons Level 1, Hydralisk  
  166  13:33  Hydralisk x6  
  166  13:34  Adrenal Overload  
  162  13:58  Shredding Claws  
  156  14:19  Hydralisk  
  162  14:20  Hydralisk x5  
  162  14:25  Hydralisk  
  164  14:34  Hydralisk, Metabolic Boost  
  164  14:53  Zerg Melee Weapons Level 2  
  164  14:58  Hardened Carapace  
  172  15:01  Hydralisk x4  
  172  15:02  Omega Worm  
  176  15:35  Hydralisk x2  
  176  15:36  Hydralisk x6  
  188  15:54  Omega Worm  
  188  15:56  Overlord  
  188  15:57  Overlord x3  
  176  16:11  Overlord x2  
  176  16:17  Overlord x2  
  176  16:18  Overlord x2  
  176  16:28  Pneumatized Carapace  
  176  16:30  Zerg Melee Weapons Level 3  
  176  16:47  Drone x3, Extractor  
  178  17:06  Omega Worm  
  178  17:37  Hydralisk  
  178  17:38  Hydralisk x3  
  178  17:39  Hydralisk x7  
  200  17:49  Omega Worm  
  192  18:23  Omega Worm  
  192  19:04  Omega Worm  
  192  19:20  Drone x4  
  192  19:21  Drone x2  
  192  19:29  Omega Worm  
  198  21:22  Omega Worm  
  198  21:48  Omega Worm  
Show
View Real Time Build Order
Export as new Build Order

blingi Protoss 

Build Orders:  

Get SALT Encoding   

  12  0:03  Probe (Chrono Boost)  
  13  0:17  Probe (Chrono Boost), Dark Pylon  
  14  0:27  Probe (Chrono Boost)  
  15  0:33  Assimilator  
  15  0:36  Assimilator  
  15  0:44  Probe  
  16  1:01  Gateway  
  16  1:02  Probe  
  17  1:19  Probe  
  18  1:36  Probe  
  19  1:41  Forge  
  19  1:50  Dark Pylon  
  19  1:53  Probe  
  20  2:07  Cybernetics Core  
  20  2:10  Probe  
  21  2:27  Protoss Ground Weapons Level 1, Probe  
  22  2:44  Probe  
  22  2:47  Pylon  
  23  2:58  Twilight Council  
  23  3:05  Probe  
  23  3:07  Warp Gate  
  24  3:20  Gateway  
  24  3:21  Gateway  
  24  3:22  Probe  
  25  3:34  Gateway  
  25  3:39  Probe  
  26  3:51  Dark Shrine  
  26  3:56  Probe  
  27  4:12  Probe  
  28  4:33  Probe  
  28  4:34  Pylon  
  28  4:52  Assimilator  
  28  4:57  Assimilator  
  28  5:04  Nexus  
  28  5:05  Shadow Fury (Chrono Boost)  
  28  5:17  Dark Templar x2  
  32  5:38  Protoss Ground Weapons Level 2 (Chrono Boost)  
  32  5:39  Dark Templar  
  34  5:43  Dark Templar  
  36  6:05  Pylon  
  36  6:26  Dark Templar x2  
  36  6:27  Pylon  
  35  7:07  Dark Templar x2  
  39  7:13  Dark Templar Blink  
  39  7:15  Probe  
  40  7:22  Probe  
  41  7:32  Probe  
  41  7:34  Probe  
  43  7:46  Probe  
  43  7:49  Probe  
  44  7:57  Probe  
  44  7:58  Gateway  
  45  8:01  Gateway  
  45  8:06  Probe  
  45  8:09  Probe  
  48  8:21  Probe  
  48  8:23  Probe  
  50  8:33  Blink, Probe  
  50  8:35  Protoss Ground Weapons Level 3 (Chrono Boost)  
  51  8:40  Probe  
  51  8:44  Probe  
  51  8:47  Forge  
  52  8:55  Dark Pylon  
  52  8:56  Probe  
  52  8:57  Probe  
  54  9:00  Stalker  
  54  9:01  Stalker  
  54  9:08  Probe  
  59  9:14  Probe  
  61  9:21  Stalker  
  61  9:22  Stalker  
  65  9:54  Probe  
  65  9:59  Pylon  
  66  10:00  Probe  
  66  10:07  Protoss Ground Armor Level 1 (Chrono Boost)  
  66  10:10  Probe  
  66  10:12  Gateway  
  66  10:14  Gateway  
  67  10:30  Stalker x2  
  67  10:31  Stalker x2  
  67  10:32  Dark Templar x2  
  79  10:49  Probe  
  80  10:54  Probe  
  79  11:06  Probe  
  79  11:07  Stalker x4  
  86  11:11  Probe  
  87  11:23  Probe  
  87  11:26  Dark Templar  
  87  11:27  Dark Templar  
  91  11:39  Dark Templar x2  
  86  11:40  Probe, Dark Templar x2  
  82  11:57  Probe  
  83  12:01  Probe  
  83  12:03  Stalker x2  
  88  12:14  Probe  
  88  12:18  Probe  
  90  12:31  Probe  
  90  12:35  Probe  
  90  12:40  Stalker x2  
  94  13:00  Pylon  
  94  13:03  Pylon  
  94  13:25  Probe  
  95  13:42  Probe  
  96  13:53  Dark Templar x5  
  96  13:55  Stalker x2  
  110  14:06  Phase Reactor  
  110  14:10  Protoss Shields Level 1 (Chrono Boost)  
  110  14:12  Protoss Ground Armor Level 2 (Chrono Boost)  
  110  14:26  Pylon  
  110  14:27  Probe x2  
  108  14:44  Probe x2  
  110  14:52  Dark Templar x3  
  110  14:53  Dark Templar  
  118  15:28  Probe  
  117  15:32  Pylon  
  117  15:34  Pylon  
  117  15:36  Pylon  
  117  15:38  Pylon  
  115  15:45  Probe  
  116  15:56  Stalker  
  116  15:58  Dark Templar  
  116  15:59  Dark Templar x4  
  128  16:00  Dark Templar x2  
  128  16:02  Probe  
  133  16:41  Pylon  
  133  16:42  Stalker  
  133  16:43  Stalker  
  133  16:45  Stalker x6  
  147  17:26  Stalker  
  147  17:27  Stalker x3  
  155  17:31  Probe  
  155  17:36  Probe  
  157  17:48  Probe  
  156  17:53  Probe  
  153  18:05  Probe  
  154  18:10  Probe  
  155  18:21  Dark Templar  
  155  18:22  Probe  
  158  18:33  Pylon  
  158  18:36  Pylon  
  158  18:39  Pylon  
  158  18:41  Pylon  
  158  18:42  Protoss Shields Level 2 (Chrono Boost), Pylon  
  158  18:43  Probe x2  
  158  18:45  Protoss Ground Armor Level 3 (Chrono Boost), Pylon  
  158  18:47  Pylon  
  156  18:58  Dark Pylon  
  156  19:07  Dark Templar x7  
  156  19:08  Dark Templar  
  171  19:39  Probe x2  
  167  19:56  Probe x2  
  167  19:59  Stalker x3  
  175  20:00  Stalker x2  
  175  20:01  Dark Templar  
  175  20:02  Dark Templar x2  
  183  21:37  Stalker x3  
  183  21:38  Stalker x5  
Tags
 
Add a new tag
Caveats
  • Supply blocks, unpowered buildings, or Contaminate may cause inaccurate times.
  • Supply counts are checked every 10 seconds.